 Dungeon Crawl Stone Soup version 0.28-a0-1002-gf00fe891ef (webtiles) character file.

Game seed: 11594412617593117055

18 ytrimaz the Insei (level 2, 18/18 HPs)
             Began as an Octopode Transmuter on Dec 7, 2021.
             Was a Follower of Okawaru.
             Quit the game on level 1 of the Dungeon.
             The game lasted 00:00:44 (557 turns).

ytrimaz the Insei (Octopode Transmuter)              Turns: 557, Time: 00:00:45

Health: 18/18      AC:  1    Str:  9    XL:     2   Next: 70%
Magic:  5/5        EV: 13    Int: 15    God:    Okawaru [*.....]
Gold:   66         SH:  0    Dex: 12    Spells: 4/5 levels left

rFire   . . .      SeeInvis .     - Unarmed
rCold   . . .      Faith    .   (no shield)
rNeg    . . .      Spirit   .   (helmet restricted)
rPois   .          Reflect  .   (no amulet)
rElec   .          Harm     .   (no ring)
rCorr   .          Rampage  .   (no ring)
Will    .....                   (no ring)
Stlth   ++........              (no ring)
HPRegen 0.06/turn               (no ring)
MPRegen 0.09/turn               (no ring)
                                (no ring)
                                (no ring)

@: no status effects
A: almost no armour, amphibious, 8 rings, camouflage 1, gelatinous body 1,
(nimble swimmer 1), tentacles
a: Renounce Religion, Heroism


You were on level 1 of the Dungeon.
You worshipped Okawaru.
Okawaru was aware of your devotion.
You visited 1 branch of the dungeon, and saw 1 of its levels.

You collected 66 gold pieces.

Inventory:

Scrolls
 a - 2 scrolls of amnesia
Potions
 b - a potion of might {unknown}


   Skills:
 * Level 1.3 Fighting
 - Level 2.0 Dodging
 + Level 3.2 Unarmed Combat
 * Level 2.2 Spellcasting
 * Level 2.4 Transmutations


You had 4 spell levels left.
You knew the following spells:

 Your Spells              Type           Power      Damage    Failure   Level
a - Beastly Appendage     Tmut           16%        N/A       9%          1

Your spell library contained the following spells:

 Spells                   Type           Power      Damage    Failure   Level
 Wereblood                Tmut           8%         N/A       12%         2
 Spider Form              Tmut/Pois      5%         N/A       36%         3
 Ice Form                 Ice/Tmut       5%         N/A       78%         4


Dungeon Overview and Level Annotations

Branches:
Dungeon (1/15)

Altars:
Okawaru


Innate Abilities, Weirdness & Mutations

You cannot wear most types of armour.
You are amphibious.
You can wear up to eight rings at the same time.
Your skin changes colour to match your surroundings (Stealth+).
Your rubbery body absorbs attacks. (AC +1, EV +1)
((You are camouflaged near water. (Stealth+)))
You have tentacles for arms and can constrict up to eight enemies at once.


Message History

You tentacle-slap the dart slug. You grab the dart slug.
You squeeze the dart slug!
The dart slug is almost dead.
You constrict the dart slug.
You kill the dart slug!
Okawaru accepts your kill. The frilled lizard closely misses you.
You closely miss the frilled lizard. Your grab misses the frilled lizard.
The frilled lizard closely misses you.
Things that are here:
a +0 club; a stone You miss the frilled lizard.
Your grab misses the frilled lizard.
Your tentacle-slap misses the frilled lizard.
The frilled lizard barely misses you.
You tentacle-slap the frilled lizard.
You kill the frilled lizard!
Okawaru accepts your kill.
You feel like a meek peon again.
c - a scroll labelled NOXTETS GU MYJ You now have 36 gold pieces (gained 18).
You now have 48 gold pieces (gained 12).
You now have 66 gold pieces (gained 18).
d - a scroll labelled PUUJOO ZANA A ball python comes into view.
A ball python is nearby!
As you read the scroll labelled BUTEMYMNIE, it crumbles to dust.
It is a scroll of amnesia.
Okay, then.
The ball python hisses angrily.
A hobgoblin comes into view.
As you read the scroll labelled NOXTETS GU MYJ, it crumbles to dust.
You hear a loud clanging noise!
It was a scroll of noise.
The hobgoblin shouts!
You hear an angry hiss. x2
Unknown command.
As you read the scroll labelled PUUJOO ZANA, it crumbles to dust.
You assume a fearsome visage.
The hobgoblin looks frightened!
The ball python looks frightened!
It was a scroll of fear.
Unknown command.
Are you sure you want to abandon this character and quit the game? (Confirm with "yes".)

#.......### ##.###
#.........########.....
#.......#....รท......###
#.......##.......#.###.
#..................##..
######.##.........#...#
#.##...........###
#..............#
#@...........#...
#................
#............###.#
#.........|.. .#
#........... .#
#S......... # #........
#...#....


You could see a ball python (fleeing).

Vanquished Creatures
  A dart slug (D:1)
  3 ball pythons (D:1)
  A bat (D:1)
  2 endoplasms (D:1)
  A goblin (D:1)
  A hobgoblin (D:1)
  2 quokkas (D:1)
  A frilled lizard (D:1)
  A kobold (D:1)
  2 rats (D:1)
15 creatures vanquished.

Notes
Turn   | Place    | Note
-------+----------+-------------------------------------------
     0 | D:1      | ytrimaz the Octopode Transmuter began the quest for the
                  | Orb.
     0 | D:1      | Reached XP level 1. HP: 13/13 MP: 3/3
   244 | D:1      | Reached XP level 2. HP: 17/18 MP: 3/5
   388 | D:1      | Found a faded altar of an unknown god.
   397 | D:1      | Prayed at the altar of an unknown god.
   397 | D:1      | Became a worshipper of Warmaster Okawaru
   397 | D:1      | Reached * piety under Okawaru
   557 | D:1      | Quit the game

Illustrated notes

Levels and vault maps discovered:
D:1:      sevenhm_arrival_forest_fort_large_4, layout_rooms,
          hellmonk_ecumenical_altar_lost_god, minmay_misc_feat_cross,
          chequers_garden, minmay_tall_x

Action                   || total
-------------------------++-------
Melee: Unarmed           ||    22
       Constrict         ||     7
       Kick              ||     5
       Tentacles         ||     4
 Cast: Beastly Appendage ||     5
Invok: Heroism           ||     1
  Use: Scroll            ||     3
 Stab: Sleeping          ||     3
Armor: Skin              ||     4
Dodge: Dodged            ||    21

Table legend: (Time is in decaauts)
 A = Elapsed time spent in this place.
 B = Non-inter-level travel time spent in this place.
 C = Inter-level travel time spent in this place.
 D = Time resting spent in this place.
 E = Time spent auto-exploring this place.
 F = Levels seen in this place.
 G = Mean time per level.
                   A        B        C        D        E       F      G
               +--------+--------+--------+--------+--------+-----+--------+
         Total |    555 |    555 |      0 |      0 |    439 |   1 |  555.0 |
       Dungeon |    555 |    555 |      0 |      0 |    439 |   1 |  555.0 |
               +--------+--------+--------+--------+--------+-----+--------+

Top non-repeatable levels by time:
     D:1: 555 daAuts
